 Dungeon Crawl Stone Soup version 0.30-a0-339-g89bb51ec76 (webtiles) character file.

Game seed: 9016809617713564055

613 experimilk the Destroyer (level 7, -4/55 HPs)
             Began as a Red Draconian Conjurer on Nov 1, 2022.
             Slain by Duvessa
             ... wielding a +0 rapier
              (14 damage)
             ... on level 5 of the Dungeon.
             The game lasted 00:10:59 (4640 turns).

experimilk the Destroyer (Red Draconian Conjurer)   Turns: 4640, Time: 00:11:00

Health: -4/55      AC:  6    Str:  9    XL:     7   Next: 20%
Magic:  7/11       EV: 16    Int: 20    God:
Gold:   161        SH:  5    Dex: 10    Spells: 5/12 levels left

rFire   + + .      SeeInvis .    d - +0 short sword
rCold   . . .      Faith    .    (no shield)
rNeg    + . .      Spirit   .    (body armour unavailable)
rPois   .          Reflect  +    (helmet restricted)
rElec   .          Harm     .    (no cloak)
rCorr   .          Rampage  .    (no gloves)
Will    .....                    (no boots)
Stlth   ++........               h - amulet of reflection
HPRegen 0.29/turn                j - ring of Qevadd {rF+ rN+ EV+4}
MPRegen 0.12/turn                (no ring)

@: about to teleport, hasted, very quick
A: breathe fire, AC +6, unfitting armour, fire resistance 1, cold-blooded
a: Breathe Fire


You were on level 5 of the Dungeon.
You visited 1 branch of the dungeon, and saw 5 of its levels.

You collected 161 gold pieces.

Inventory:

Hand Weapons
 d - a +0 short sword (weapon)
Missiles
 a - a throwing net
Jewellery
 h - an amulet of reflection (around neck)
 j - the ring of Qevadd (left hand) {rF+ rN+ EV+4}
   (You took it off a gnoll on level 3 of the Dungeon)

   [ring of evasion]

   EV:        It affects your evasion (+4).
   rF:        It protects you from fire.
   rN:        It protects you from negative energy.
 k - a ring of fire
 o - an amulet of guardian spirit
Scrolls
 e - a scroll of teleportation
 i - a scroll of poison {unknown}
Potions
 b - a potion of ambrosia
 c - 2 potions of brilliance
 f - 2 potions of haste
 l - 2 potions of invisibility {unknown}
 m - a potion of resistance {unknown}


   Skills:
 - Level 2.0 Fighting
 - Level 2.0 Dodging
 - Level 1.7 Stealth
 + Level 3.3 Spellcasting
 - Level 8.0 Conjurations


You had 5 spell levels left.
You knew the following spells:

 Your Spells              Type           Power      Damage    Failure   Level
b - Magic Dart            Conj           100%       1d8       1%          1
x - Fulminant Prism       Conj/Hex       9%         3d7       26%         4
z - Searing Ray           Conj           70%        2d7       1%          2

Your spell library contained the following spells:

 Spells                   Type           Power      Damage    Failure   Level
 Dazzling Flash           Conj/Hex       38%        N/A       9%          3
 Stone Arrow              Conj/Erth      38%        3d9       9%          3
 Apportation              Tloc           6%         N/A       14%         1
 Scorch                   Fire           6%         2d5       22%         2
 Flame Wave               Conj/Fire      19%        2d7       26%         4
 Iskenderun's Mystic Bla  Conj/Tloc      19%        2d6       26%         4
 Vhi's Electric Charge    Tloc/Air       6%         N/A       38%         3
 Arcjolt                  Conj/Air       9%         1d19      58%         5
 Alistair's Intoxication  Tmut/Pois      2%         N/A       98%         5
 Summon Cactus Giant      Summ           1%         N/A       100%        6
 Lehudib's Crystal Spear  Conj/Erth      9%         10d4      100%        8
 Maxwell's Capacitive Co  Air            1%         ∞         100%        8
 Animate Armour           Summ/Erth      Unusable   N/A       N/A         4

Dungeon Overview and Level Annotations

Branches:
Dungeon (5/15)
 Temple: D:4-7

Altars:
Elyvilon

Shops:
D:4 *

Portals:
Sewer: D:5

Annotations:
D:5 Dowan, Duvessa


Innate Abilities, Weirdness & Mutations

You can breathe blasts of fire.
Your fiery red scales are hard. (AC +6)
You cannot fit into any form of body armour.
Your flesh is heat resistant. (rF+)
You are cold-blooded and may be slowed by cold attacks.


Message History

You block Duvessa's attack. x2
Casting: Searing Ray (safe; 1% risk of failure)
Confirm with . or Enter, or press ? or * to list all spells.
Aiming: Searing Ray (safe; 1% risk of failure)
Press: ? - help, Shift-Dir - straight line, f/p - Duvessa
Aim: Duvessa, wielding a +0 rapier and wearing a +0 leather armour (moderately wounded, berserk, 83% to hit)
The searing ray misses Duvessa.
The searing ray hits the worm.
The worm is moderately wounded. (Press . to maintain the ray.) Duvessa hits you with a +0 rapier!!
Dowan casts a spell.
Dowan blinks!
The searing ray hits Duvessa but does no damage.
Duvessa is moderately wounded.
The searing ray hits the worm.
The worm is heavily wounded.
Duvessa misses you. Duvessa hits you with a +0 rapier!
The searing ray hits Duvessa.
Duvessa is moderately wounded.
The searing ray hits the worm!
You kill the worm!
Duvessa completely misses you.
The searing ray hits Duvessa.
Duvessa is moderately wounded.
The searing ray hits the rat!
You kill the rat!
You finish channelling your searing ray.
Duvessa hits you with a +0 rapier! You block Duvessa's attack.
Unknown command.
As you read the scroll of teleportation, it crumbles to dust.
You feel strangely unstable.
You have got your breath back.
You block Duvessa's attack.
You feel yourself speed up. Duvessa barely misses you.
Duvessa hits you with a +0 rapier!
* * * LOW HITPOINT WARNING * * *
Dowan gestures wildly while chanting.
Dowan blinks!
Duvessa hits you with a +0 rapier!
You die...

*..............###.* *,,*
*..................# ***,**
*..............#..## *,,,,,
*..........###.##.#******,,,,,
*...................,>,,,,,,,,
*.)........###.##.##*****,,,,,
*..............#*,#* *,,,,,
*......^...###.##..##****,,,,,
*..........#.@.......,,*******
*..........#e#.......,,*******
**###.#####.†#.!.....,,,,,,,,,
#.*#..§..........,,****,,,
#......?†...e....,,* ****
####....~~~...#.#*** *,
##..~~~~~..#,# *,
#..~~∩~~..#,* *, #..~~~~~..#,*
*,


You could see Duvessa (berserk) and Dowan.

Vanquished Creatures
  A black bear (D:4)
  A centaur (D:4)
  2 hounds (D:5)
  2 jellies
  Jessica (D:2)
  An iguana (D:5)
  An orc wizard (D:4)
  5 gnolls
  10 adders
  A river rat (D:5)
  2 worms
  3 dart slugs
  7 orcs
  8 ball pythons
  7 endoplasms
  6 giant cockroaches
  3 goblins
  3 hobgoblins
  8 jackals
  4 quokkas
  4 bats
  4 frilled lizards
  7 kobolds
  2 rats
93 creatures vanquished.

Notes
Turn   | Place    | Note
-------+----------+-------------------------------------------
     0 | D:1      | experimilk the Draconian Conjurer began the quest for the
                  | Orb.
     0 | D:1      | Reached XP level 1. HP: 14/14 MP: 3/3
   499 | D:1      | Reached XP level 2. HP: 20/20 MP: 1/5
   502 | D:1      | Learned a level 2 spell: Searing Ray
  1409 | D:1      | Reached skill level 5 in Conjurations
  1537 | D:2      | Reached XP level 3. HP: 26/26 MP: 4/6
  1983 | D:2      | Reached XP level 4. HP: 33/33 MP: 4/7
  2053 | D:2      | Noticed Jessica
  2056 | D:2      | Killed Jessica
  2194 | D:2      | Reached skill level 6 in Conjurations
  2516 | D:2      | Learned a level 4 spell: Fulminant Prism
  2570 | D:3      | Identified the ring of Qevadd {rF+ rN+ EV+4}
  2683 | D:3      | Reached XP level 5. HP: 24/38 MP: 1/8
  3532 | D:4      | Noticed a centaur
  3537 | D:4      | Killed a centaur
  3538 | D:4      | Reached skill level 7 in Conjurations
  3538 | D:4      | Reached XP level 6. HP: 41/45 MP: 3/9
  3602 | D:4      | Identified the -2 pair of gloves of Zojuos {Str+6}
  3784 | D:4      | Found Fiumm's Gadget Gallery.
  3911 | D:4      | Reached skill level 8 in Conjurations
  4056 | D:4      | Found a white marble altar of Elyvilon.
  4202 | D:4      | Reached skill level 1 in Fighting
  4546 | D:5      | Entered Level 5 of the Dungeon
  4581 | D:5      | Your scales start taking on a fiery red colour.
  4581 | D:5      | Reached XP level 7. HP: 45/53 MP: 1/11
  4581 | D:5      | Gained mutation: Your flesh is heat resistant. (rF+) [Red
                  | Draconian growth]
  4616 | D:5      | Found a glowing drain.
  4618 | D:5      | Noticed Duvessa
  4622 | D:5      | Noticed Dowan
  4640 | D:5      | Slain by Duvessa

Illustrated notes

Levels and vault maps discovered:
D:1:      zelgadis_glass_arrival_small, layout_basic, hangedman_feature_mirror
D:2:      minmay_chambers_of_ones, layout_basic, uniq_jessica
D:3:      layout_rooms
D:4:      lemuel_castle_with_subvaults [lemuel_castle_interior_carwin_2],
          layout_loops_ring, kennysheep_little_box, palyth_stone_intersect,
          corexii_shack, nicolae_shop_gadgets
D:5:      layout_rooms, portal_sewer_entry_a, kennysheep_generic_room_13,
          uniq_duvessa

Skill      XL: |  1  2  3  4  5  6  7 |
---------------+----------------------+-----
Conjurations   | 5 6 7 8 |  8.0
Dodging        | 2 |  2.0
Fighting       | 1 2 |  2.0
Spellcasting   | 3 |  3.3
Stealth        | |  1.7

Action                   |  1- 3 |  4- 6 |  7- 9 || total
-------------------------+-------+-------+-------++-------
Melee: Unarmed           |    56 |       |       ||    56
       Tailslap          |     7 |     3 |     2 ||    12
       Short sword       |       |    17 |     3 ||    20
 Cast: Magic Dart        |    62 |    81 |       ||   143
       Searing Ray       |     8 |    17 |     3 ||    28
 Abil: Breathe Fire      |       |       |     2 ||     2
  Use: Potion            |     2 |       |     2 ||     4
       Scroll            |     2 |     5 |     1 ||     8
Armor: Skin              |    36 |     8 |     1 ||    45
Dodge: Dodged            |    57 |    26 |     9 ||    92
Block: Other             |       |     4 |     7 ||    11

Table legend: (Time is in decaauts)
 A = Elapsed time spent in this place.
 B = Non-inter-level travel time spent in this place.
 C = Inter-level travel time spent in this place.
 D = Time resting spent in this place.
 E = Time spent auto-exploring this place.
 F = Levels seen in this place.
 G = Mean time per level.
                   A        B        C        D        E       F      G
               +--------+--------+--------+--------+--------+-----+--------+
         Total |   4640 |   4448 |    192 |   1021 |   2695 |   5 |  928.0 |
       Dungeon |   4640 |   4448 |    192 |   1021 |   2695 |   5 |  928.0 |
               +--------+--------+--------+--------+--------+-----+--------+

Top non-repeatable levels by time:
     D:1: 1476 daAuts
     D:4: 1115 daAuts
     D:2: 1065 daAuts
     D:3: 889 daAuts
     D:5: 93 daAuts
